 Dungeon Crawl Stone Soup version 0.30-a0-782-ge64f9170bb (webtiles) character file.

Game seed: 12860421699476101742

772 vineage the Fighter (level 7, -2/49 HPs)
             Began as a Gargoyle Fighter on Mar 15, 2023.
             Slain by a gnoll sergeant
             ... wielding a +3 trident
              (5 damage)
             ... on level 5 of the Dungeon.
             The game lasted 00:05:09 (4185 turns).

vineage the Fighter (Gargoyle Fighter)              Turns: 4185, Time: 00:05:09

Health: -2/49      AC: 20    Str: 20    XL:     7   Next: 83%
Magic:  7/7        EV:  2    Int:  8    God:
Gold:   210        SH: 14    Dex: 17    Spells: 6/6 levels left

rFire   . . .      SeeInvis .    a - +1 flail
rCold   . . .      Faith    .    w - +1 tower shield
rNeg    + + .      Spirit   .    n - +0 plate armour
rPois   ∞          Reflect  .    c - +0 helmet
rElec   +          Harm     .    s - +0 cloak
rCorr   .          Rampage  .    (no gloves)
Will    .....                    k - +1 pair of boots {Stlth+} Stlth
                                 u - amulet of magic regeneration
HPRegen 0.28/turn                b - ring of positive energy
MPRegen 0.50/turn                m - +6 ring of dexterity

@: no status effects
A: sickness immunity, AC +4, negative energy resistance 1, electricity
resistance, torment resistance 1, petrification resistance
a: no special abilities


You were on level 5 of the Dungeon.
You visited 1 branch of the dungeon, and saw 5 of its levels.
You also visited: Ossuary.

You collected 210 gold pieces.

Inventory:

Hand Weapons
 a - a +1 flail (weapon)
Missiles
 e - a throwing net (quivered)
Armour
 c - a +0 helmet (worn)
 k - a +1 pair of boots of stealth (worn)
 n - a +0 plate armour (worn)
 s - a +0 cloak (worn)
 w - a +1 tower shield (worn)
Jewellery
 b - a ring of positive energy (left hand)
 m - a +6 ring of dexterity (right hand)
 u - an amulet of magic regeneration (around neck)
 y - a ring of see invisible
Wands
 r - a wand of roots (1)
Scrolls
 o - 2 scrolls of teleportation
 p - a scroll of fog
 v - a scroll of enchant armour
 x - a scroll of amnesia
Potions
 d - a potion of might
 f - 2 potions of flight
 g - 2 potions of haste
 h - 2 potions of curing
 i - 3 potions of cancellation
 l - a potion of attraction
 q - 3 potions of lignification
 z - a potion of mutation
 A - a potion of invisibility {unknown}


   Skills:
 * Level 8.2 Fighting
 + Level 5.1 Maces & Flails
 + Level 3.3 Armour
 + Level 3.3 Shields


You had 6 spell levels left.
You didn't know any spells.
Your spell library contained the following spells:

 Spells                   Type           Power      Damage    Failure   Level
 Apportation              Tloc           0%         N/A       100%        1
 Magic Dart               Conj           0%         1d3       100%        1
 Necrotise                Necr           0%         1d4       100%        1
 Summon Small Mammal      Summ           0%         N/A       100%        1
 Call Imp                 Summ           0%         N/A       100%        2
 Poisonous Vapours        Pois/Air       0%         N/A       100%        2
 Ignite Poison            Fire/Tmut/Pois 0%         N/A       100%        3
 Kindle Blastsparks       Fire/Tloc/Air  0%         2d10      100%        3
 Mephitic Cloud           Conj/Pois/Air  0%         N/A       100%        3
 Sticky Flame             Conj/Fire      0%         2d3       100%        4
 Freezing Cloud           Conj/Ice/Air   0%         6-21      100%        5
 Ignition                 Fire           0%         3d3       100%        8
 Cigotuvi's Dreadful Rot  Necr/Pois/Air  Unusable   N/A       N/A         2

Dungeon Overview and Level Annotations

Branches:
Dungeon (5/15)            Ossuary (visited)
 Temple: D:4-7

Altars:

Shops:
D:2 ?


Innate Abilities, Weirdness & Mutations

You are immune to sickness and miasma.
Your stone body is resilient. (AC +4)
You are immune to poison.
You resist negative energy. (rN+)
You are resistant to electric shocks. (rElec)
You are resistant to unholy torment.
You are immune to petrification.


Message History

You are too injured to fight recklessly!
You are too injured to fight recklessly!
You are too injured to fight recklessly!
You are too injured to fight recklessly!
You are too injured to fight recklessly!
You are too injured to fight recklessly!
You are too injured to fight recklessly!
You sock the gnoll sergeant!
The gnoll sergeant is almost dead.
You block the gnoll's attack.
The gnoll sergeant hits you with a +3 trident.
You barely miss the gnoll sergeant.
The gnoll sergeant is almost dead.
You block the gnoll's attack.
The gnoll sergeant hits you with a +3 trident!
* * * LOW HITPOINT WARNING * * *
You block the gnoll sergeant's attack. The gnoll hits you but does no damage.
You hit the gnoll sergeant but do no damage.
The gnoll sergeant is almost dead.
The gnoll hits you but does no damage. You block the gnoll sergeant's attack.
You barely miss the gnoll sergeant.
The gnoll sergeant is almost dead.
You block the gnoll's attack. You block the gnoll sergeant's attack.
The gnoll sergeant hits you but does no damage.
The gnoll hits you from afar with a +0 spear.
* * * LOW HITPOINT WARNING * * *
You hit the gnoll sergeant.
The gnoll sergeant is almost dead.
The gnoll hits you but does no damage. You block the gnoll sergeant's attack.
You hit the gnoll sergeant but do no damage.
The gnoll sergeant is almost dead.
You block the gnoll's attack.
You block the gnoll sergeant's attack. x2
The gnoll hits you but does no damage.
You barely miss the gnoll sergeant.
The gnoll sergeant is almost dead.
You block the gnoll's attack.
The gnoll sergeant hits you with a +3 trident.
* * * LOW HITPOINT WARNING * * *
The gnoll sergeant hits you with a +3 trident.
You die...

#....####...###
#..#.
#.#.......###
#..'.
#.##.##.#.##
##.#.
#....#.....#
#.#.
#.##.#####.#
#.##
#.##.#.....#
#.##
#....#.#####
#.#. ####...#
#... #@### ###.
#g# ###. #g#
#... #g#
####.#. .g.
#...... #....
........ ......
..).....
##......
...##.##
#......# ... #.
.


You could see a gnoll sergeant and 3 gnolls.

Vanquished Creatures
  Sigmund (D:4)
  A water moccasin (D:4)
  An ogre (D:4)
  A water moccasin zombie (Ossuary)
  2 jellies
  Crazy Yiuf (D:4)
  Ijyb (D:4)
  3 mummies
  Robin (D:3)
  4 gnolls (D:4)
  5 adders
  An ufetubus (D:3)
  4 adder zombies (Ossuary)
  2 worms
  A dart slug (D:2)
  3 orcs
  4 bats
  5 endoplasms
  4 giant cockroaches (D:3)
  6 gnoll zombies (Ossuary)
  18 goblins
  9 hobgoblins
  3 jackals (D:3)
  6 kobolds
  2 quokkas
  6 ball pythons
  2 frilled lizards (D:2)
  5 hobgoblin zombies (Ossuary)
  4 kobold zombies (Ossuary)
  3 orc zombies (Ossuary)
  4 rats
113 creatures vanquished.

Notes
Turn   | Place    | Note
-------+----------+-------------------------------------------
     0 | D:1      | vineage the Gargoyle Fighter began the quest for the Orb.
     0 | D:1      | Reached XP level 1. HP: 14/14 MP: 1/1
   290 | D:1      | Reached XP level 2. HP: 20/20 MP: 2/2
   431 | D:1      | Found a faded altar of an unknown god.
   867 | D:2      | Reached skill level 4 in Fighting
  1152 | D:2      | Found The Oracle's Delphic Readings.
  1161 | D:2      | Reached XP level 3. HP: 24/24 MP: 3/3
  1556 | D:3      | Reached XP level 4. HP: 29/30 MP: 4/4
  1922 | D:3      | Reached skill level 5 in Fighting
  2362 | D:3      | Noticed Robin
  2387 | D:3      | Killed Robin
  2388 | D:3      | Reached XP level 5. HP: 20/35 MP: 5/5
  2712 | D:4      | Noticed Ijyb
  2729 | D:4      | Killed Ijyb
  3045 | D:4      | Noticed Sigmund
  3053 | D:4      | Killed Sigmund
  3054 | D:4      | Reached skill level 6 in Fighting
  3054 | D:4      | Reached XP level 6. HP: 36/42 MP: 6/6
  3167 | D:4      | Noticed a water moccasin
  3171 | D:4      | Killed a water moccasin
  3172 | D:4      | Reached skill level 7 in Fighting
  3172 | D:4      | Reached XP level 7. HP: 48/48 MP: 7/7
  3219 | D:4      | Found a runed translucent door.
  3220 | D:4      | Noticed Crazy Yiuf
  3771 | D:4      | Killed Crazy Yiuf
  3804 | D:5      | Entered Level 5 of the Dungeon
  3834 | D:5      | Found a sand-covered staircase.
  3844 | Ossuary  | Entered an ossuary
  3945 | Ossuary  | Reached skill level 8 in Fighting
  3976 | Ossuary  | Reached skill level 5 in Maces & Flails
  4185 | D:5      | Slain by a gnoll sergeant

Illustrated notes

Levels and vault maps discovered:
D:1:      spicycebolla_arrival_xxxplode, layout_basic,
          hellmonk_ecumenical_altar_inner_sanctum
D:2:      layout_basic, nicolae_nh_oracle_at_delphi
D:3:      kennysheep_goblin_castle, layout_loops_corners
D:4:      layout_basic, fountainhead, roderic_serpentine_path,
          kennysheep_generic_room_3, uniq_crazy_yiuf_cottage, uniq_sigmund,
          uniq_ijyb
D:5:      kennysheep_steamy, layout_basic,
          grunt_temple_overflow_champion_of_chaos, minmay_temple_entry_hall,
          gup_ossuary_entry_pyramid, feat_on_display

Skill      XL: |  1  2  3  4  5  6  7 |
---------------+----------------------+-----
Fighting       | 4 5 6 7 8 |  8.2
Maces & Flails | 3 4 5 |  5.1
Armour         | |  3.3
Shields        | |  3.3

Action                     |  1- 3 |  4- 6 |  7- 9 || total
---------------------------+-------+-------+-------++-------
  Melee: Flail             |   101 |   144 |   133 ||   378
    Use: Scroll            |     9 |     5 |     6 ||    20
         Potion            |       |       |     1 ||     1
 Armour: Scale mail        |    60 |     7 |       ||    67
         Plate armour      |       |   176 |    98 ||   274
  Dodge: Dodged            |    59 |    43 |    10 ||   112
  Block: Buckler           |    32 |    76 |     2 ||   110
         Reflection        |     2 |     6 |       ||     8
         Tower shield      |       |       |   133 ||   133

Table legend: (Time is in decaauts)
 A = Elapsed time spent in this place.
 B = Non-inter-level travel time spent in this place.
 C = Inter-level travel time spent in this place.
 D = Time resting spent in this place.
 E = Time spent auto-exploring this place.
 F = Levels seen in this place.
 G = Mean time per level.
                   A        B        C        D        E       F      G
               +--------+--------+--------+--------+--------+-----+--------+
         Total |   4328 |   4143 |    185 |    190 |   3001 |   6 |  721.3 |
       Dungeon |   4027 |   3842 |    185 |    104 |   2928 |   5 |  805.4 |
       Ossuary |    301 |    301 |      0 |     86 |     73 |   1 |  301.0 |
               +--------+--------+--------+--------+--------+-----+--------+

Top non-repeatable levels by time:
     D:3: 1195 daAuts
     D:4: 1139 daAuts
     D:2: 815 daAuts
     D:1: 755 daAuts
 Ossuary: 301 daAuts
     D:5: 121 daAuts
